 Dungeon Crawl Stone Soup version 0.31-a0-978-g1e143483b6 (webtiles) character file.

Game seed: 15674285405702093069

212 lessens the Ducker (level 5, -2/43 HPs)
             Began as a Gnoll Gladiator on Oct 30, 2023.
             Was an Initiate of Yredelemnul.
             Killed by divine providence
             ... invoked by an orc priest
              (12 damage)
             ... on level 4 of the Dungeon.
             The game lasted 00:02:44 (3010 turns).

lessens the Ducker (Gnoll Gladiator)                Turns: 3010, Time: 00:02:45

Health: -2/43      AC:  7    Str: 16    XL:     5   Next: 90%
Magic:  7/7        EV: 12    Int:  7    God:    Yredelemnul [......]
Gold:   199        SH:  0    Dex: 13    Spells: 7/7 levels left

rFire   . . .        s - +2 short sword (venom)
rCold   . . .        (no shield)
rNeg    . . .        x - +0 scale mail
rPois   .            c - +0 helmet
rElec   .            (no cloak)
rCorr   .            (no gloves)
SInv    .            (no boots)
Will    .....        (no amulet) Stlth
                     (no ring)
HPRegen 0.27/turn    (no ring)
MPRegen 0.10/turn

%: no passive effects
@: no status effects
A: fangs 1, strong nose, distributed training
a: Renounce Religion, Recall Undead Harvest


You were on level 4 of the Dungeon.
You worshipped Yredelemnul.
Yredelemnul was noncommittal.
You visited 1 branch of the dungeon, and saw 4 of its levels.

You collected 199 gold pieces.

Inventory:

Hand Weapons
 a - a +0 war axe
 s - a +2 short sword of venom (weapon)
Missiles
 d - a throwing net (quivered)
 e - 4 javelins
 h - 33 stones
 r - 8 poisoned darts
 v - 4 boomerangs
Armour
 b - a +0 leather armour
 c - a +0 helmet (worn)
 j - a +0 ring mail
 k - a +0 chain mail
 x - a +0 scale mail (worn)
Jewellery
 u - an amulet of faith
Scrolls
 g - 4 scrolls of immolation {unknown}
 i - a scroll of enchant armour {unknown}
 l - 4 scrolls of teleportation {unknown}
 m - a scroll of identify {unknown}
 n - a scroll of vulnerability {unknown}
 o - a scroll of revelation {unknown}
 p - a scroll of blinking {unknown}
Potions
 f - a potion of haste {unknown}
 q - a potion of curing {unknown}
 t - a potion of degeneration {unknown}
 w - a potion of attraction {unknown}


   Skills:
 + Level 4.9 Fighting
 + Level 1.7 Short Blades
 + Level 1.7 Long Blades
 + Level 6.7 Axes
 + Level 1.7 Maces & Flails
 + Level 1.7 Polearms
 + Level 1.7 Staves
 + Level 1.7 Ranged Weapons
 + Level 4.9 Throwing
 + Level 1.7 Armour
 + Level 6.7 Dodging
 + Level 1.7 Stealth
 + Level 1.7 Shields
 + Level 1.7 Unarmed Combat
 + Level 1.7 Spellcasting
 + Level 1.3 Conjurations
 + Level 1.3 Hexes
 + Level 1.3 Summonings
 + Level 1.3 Necromancy
 + Level 1.3 Translocations
 + Level 1.3 Transmutations
 + Level 1.3 Fire Magic
 + Level 1.3 Ice Magic
 + Level 1.3 Air Magic
 + Level 1.3 Earth Magic
 + Level 1.3 Poison Magic
 + Level 1.9 Invocations
 + Level 1.7 Evocations
 + Level 1.5 Shapeshifting


You had 7 spell levels left.
You didn't know any spells.
Your spell library contained the following spells:

 Spells                   Type           Power      Damage    Failure   Level
 Apportation              Tloc           4%         N/A       63%         1


Dungeon Overview and Level Annotations

Branches:
Dungeon (4/15) Zot: 20967
 Temple: D:4-7

Altars:
Yredelemnul


Innate Abilities, Weirdness & Mutations

You have very sharp teeth.
Your uncanny sense of smell can sniff out nearby items.
Your experience applies equally to all skills.


Message History

You hit the jelly but do no damage.
Your hands burn!
The jelly is heavily wounded.
The orc completely misses you.
The orc priest calls upon Beogh to heal the orc.
The orc's wounds heal themselves!
The orc hits you but does no damage.
The jelly struggles against the net.
You hit the jelly.
The jelly looks as sick as possible!
Your hands burn!
The jelly is almost dead.
The orc hits you with a +0 short sword of holy wrath.
The orc priest closely misses you. The orc hits you with a +0 club.
The jelly struggles against the net.
The net rips apart, and the jelly comes free!
You hit the orc priest but do no damage.
The orc priest is poisoned.
You kill the jelly!
The orc misses you. x2
Throw: 2 throwing nets
Press: ? - help, Q - select action, (/) - cycle Shift-Dir - straight line, f - orc priest
Aim: an orc priest, wielding a +0 club and wearing a +0 leather armour (59% to hit)
Okay, then.
The orc closely misses you.
The orc priest attacks as it pursues you!
The orc priest hits you with a +0 club.
Throw: 2 throwing nets
Press: ? - help, Q - select action, (/) - cycle Shift-Dir - straight line, f - orc priest
Aim: an orc priest, wielding a +0 club and wearing a +0 leather armour (59% to hit)
You throw a throwing net. The throwing net hits the orc priest.
The orc priest is caught in the net!
The orc hits you but does no damage. x2
The orc priest looks encouraged for a moment.
The orc priest struggles against the net.
You barely miss the orc priest.
The orc hits you with a +0 short sword of holy wrath.
The orc hits you with a +0 club.
* * * LOW HITPOINT WARNING * * *
The orc priest begins to cast a cantrip, but forgets the words!
The orc priest calls down the wrath of Beogh upon you.
Beogh smites you!
You die...
Your body rises from the dead as a mindless zombie.

#.......... ##..........
∆ ........... $.........
#......... #)........
#######.........
......ooo....... #
.......@o....... .#
######.......... #.#
#.......... #..#######
##..........
#.......#####.......####
##................###
##..................#
....................#
.##..............##..#


You could see 2 orc priests and 2 orcs.

Vanquished Creatures
  A scorpion (D:4)
  A jelly (D:4)
  5 adders
  3 worms
  2 dart slugs
  An orc (D:4)
  10 endoplasms
  2 giant cockroaches
  A goblin (D:1)
  3 hobgoblins
  3 jackals (D:4)
  4 quokkas
  7 ball pythons
  2 bats
  5 frilled lizards
  5 kobolds
  6 rats
61 creatures vanquished.

Notes
Turn   | Place    | Note
-------+----------+-------------------------------------------
     0 | D:1      | lessens the Gnoll Gladiator began the quest for the Orb.
     0 | D:1      | Reached XP level 1. HP: 20/20 MP: 1/1
   198 | D:1      | Reached XP level 2. HP: 25/26 MP: 2/2
  1115 | D:1      | Reached XP level 3. HP: 31/31 MP: 3/3
  1222 | D:2      | Reached skill level 1 in Invocations
  1328 | D:2      | Reached skill level 1 in Short Blades
  1328 | D:2      | Reached skill level 1 in Long Blades
  1328 | D:2      | Reached skill level 1 in Maces & Flails
  1328 | D:2      | Reached skill level 1 in Polearms
  1328 | D:2      | Reached skill level 1 in Staves
  1328 | D:2      | Reached skill level 1 in Ranged Weapons
  1328 | D:2      | Reached skill level 1 in Armour
  1328 | D:2      | Reached skill level 1 in Stealth
  1328 | D:2      | Reached skill level 1 in Shields
  1328 | D:2      | Reached skill level 1 in Unarmed Combat
  1328 | D:2      | Reached skill level 1 in Spellcasting
  1328 | D:2      | Reached skill level 1 in Evocations
  1429 | D:2      | Reached XP level 4. HP: 38/38 MP: 5/5
  1601 | D:2      | Reached skill level 1 in Shapeshifting
  1622 | D:2      | Reached skill level 1 in Conjurations
  1622 | D:2      | Reached skill level 1 in Hexes
  1622 | D:2      | Reached skill level 1 in Summonings
  1622 | D:2      | Reached skill level 1 in Necromancy
  1622 | D:2      | Reached skill level 1 in Translocations
  1622 | D:2      | Reached skill level 1 in Transmutations
  1622 | D:2      | Reached skill level 1 in Fire Magic
  1622 | D:2      | Reached skill level 1 in Ice Magic
  1622 | D:2      | Reached skill level 1 in Air Magic
  1622 | D:2      | Reached skill level 1 in Earth Magic
  1622 | D:2      | Reached skill level 1 in Poison Magic
  1971 | D:3      | Identified the of Ciqiri
  2057 | D:3      | Found a faded altar of an unknown god.
  2352 | D:3      | Found a basalt altar of Yredelemnul.
  2360 | D:3      | Became a worshipper of Yredelemnul the Dark
  2750 | D:4      | Reached XP level 5. HP: 36/43 MP: 5/7
  3010 | D:4      | Killed from afar by an orc priest

Illustrated notes

Levels and vault maps discovered:
D:1:      lemuel_arrival_muddy, layout_basic
D:2:      layout_loops_ring
D:3:      layout_rooms, mainiacjoe_overflow_paths,
          shapermc_ecumenical_altar_rom_forum
D:4:      layout_layer_cave, nicolae_overflows_in_rows, kennysheep_mini_moat,
          uniq_sigmund, uniq_duvessa

Skill      XL: |  1  2  3  4 |
---------------+-------------+-----
Invocations    | 1 |  1.9
Short Blades   | 1 |  1.7
Long Blades    | 1 |  1.7
Maces & Flails | 1 |  1.7
Polearms       | 1 |  1.7
Staves         | 1 |  1.7
Ranged Weapons | 1 |  1.7
Armour         | 1 |  1.7
Stealth        | 1 |  1.7
Shields        | 1 |  1.7
Unarmed Combat | 1 |  1.7
Spellcasting   | 1 |  1.7
Evocations     | 1 |  1.7
Shapeshifting  | 1 |  1.5
Conjurations   | 1 |  1.3
Hexes          | 1 |  1.3
Summonings     | 1 |  1.3
Necromancy     | 1 |  1.3
Translocations | 1 |  1.3
Transmutations | 1 |  1.3
Fire Magic     | 1 |  1.3
Ice Magic      | 1 |  1.3
Air Magic      | 1 |  1.3
Earth Magic    | 1 |  1.3
Poison Magic   | 1 |  1.3
Fighting       | |  4.9
Axes           | |  6.7
Throwing       | |  4.9
Dodging        | |  6.7

Action                     |  1- 3 |  4- 6 || total
---------------------------+-------+-------++-------
  Melee: War axe           |    74 |    52 ||   126
         Bite              |     6 |     8 ||    14
         Punch             |     1 |     2 ||     3
         Short sword       |       |    34 ||    34
  Throw: Throwing net      |       |     2 ||     2
   Stab: Sleeping          |     3 |       ||     3
 Armour: Leather armour    |     8 |       ||     8
         Ring mail         |    18 |    30 ||    48
         Scale mail        |       |    19 ||    19
  Dodge: Dodged            |    42 |    60 ||   102

Table legend: (Time is in decaauts)
 A = Elapsed time spent in this place.
 B = Non-inter-level travel time spent in this place.
 C = Inter-level travel time spent in this place.
 D = Time resting spent in this place.
 E = Time spent auto-exploring this place.
 F = Levels seen in this place.
 G = Mean time per level.
                   A        B        C        D        E       F      G
               +--------+--------+--------+--------+--------+-----+--------+
         Total |   3031 |   2876 |    155 |      0 |   2421 |   4 |  757.8 |
       Dungeon |   3031 |   2876 |    155 |      0 |   2421 |   4 |  757.8 |
               +--------+--------+--------+--------+--------+-----+--------+

Top non-repeatable levels by time:
     D:1: 1157 daAuts
     D:2: 835 daAuts
     D:3: 767 daAuts
     D:4: 271 daAuts

Levels and vault maps discovered:
D:1:      lemuel_arrival_muddy, layout_basic
D:2:      layout_loops_ring
D:3:      layout_rooms, mainiacjoe_overflow_paths,
          shapermc_ecumenical_altar_rom_forum
D:4:      layout_layer_cave, nicolae_overflows_in_rows, kennysheep_mini_moat,
          uniq_sigmund, uniq_duvessa
